 Dungeon Crawl Stone Soup version 0.29.1-1-gd02db6906a (webtiles) character file.

Game seed: 5649266892431737489

3249 fireball365 the Cleaver (level 9, -3/79 HPs)
             Began as a Minotaur Fighter on Oct 13, 2022.
             Was a Priest of the Shining One.
             Slain by a two-headed ogre
             ... wielding a +0 giant club
              (27 damage)
             ... on level 8 of the Dungeon on Oct 14, 2022.
             The game lasted 00:35:29 (9725 turns).

fireball365 the Cleaver (Minotaur Fighter)          Turns: 9725, Time: 00:35:30

Health: -3/79      AC: 18    Str: 21    XL:     9   Next: 67%
Magic:  8/8        EV:  7    Int: 11    God:    the Shining One [***...]
Gold:   400        SH:  5    Dex: 14    Spells: 8/8 levels left

rFire   . . .      SeeInvis .   a - +0 war axe
rCold   . . .      Faith    .   c - +0 buckler
rNeg    + + .      Spirit   .   q - +0 plate armour
rPois   .          Reflect  .   (helmet restricted)
rElec   .          Harm     .   m - +0 cloak
rCorr   .          Rampage  .   x - +0 pair of gloves
Will    .....                   v - +0 pair of boots
Stlth   ..........              (no amulet)
HPRegen 0.23/turn               C - +6 ring of intelligence
MPRegen 0.11/turn               E - ring of positive energy

@: glowing
A: horns 2, retaliatory headbutt
a: Renounce Religion, Divine Shield, Cleansing Flame


You were on level 8 of the Dungeon.
You worshipped the Shining One.
The Shining One was most pleased with you.
You visited 1 branch of the dungeon, and saw 8 of its levels.

You collected 400 gold pieces.

Inventory:

Hand Weapons
 a - a +0 war axe (weapon)
 s - a +0 great mace
 u - a +0 arbalest
 G - a +0 glaive
 I - a +0 halberd
 J - a +3 falchion
Missiles
 b - a throwing net
 j - 6 boomerangs (quivered)
 o - 91 stones
Armour
 c - a +0 buckler (worn)
 m - a +0 cloak (worn)
 q - a +0 plate armour (worn)
 v - a +0 pair of boots (worn)
 x - a +0 pair of gloves (worn)
Jewellery
 y - a ring of poison resistance
 z - a ring of wizardry
 C - a +6 ring of intelligence (left hand)
 E - a ring of positive energy (right hand)
Wands
 g - a wand of charming (7)
 B - a wand of flame (8)
Scrolls
 f - 3 scrolls of identify
 h - a scroll of fear
 i - a scroll of noise
 k - a scroll of fog {unknown}
 n - 2 scrolls of poison
 r - a scroll of vulnerability {unknown}
 t - 6 scrolls of teleportation
 w - a scroll of magic mapping {unknown}
 D - a scroll of amnesia {unknown}
 F - a scroll of torment {unknown}
Potions
 d - a potion of might
 e - 6 potions of degeneration
 l - 6 potions of heal wounds
 p - 6 potions of curing
 A - a potion of attraction
 H - a potion of haste


   Skills:
 + Level 7.1 Fighting
 + Level 11.3 Axes
 + Level 9.4 Armour
 + Level 2.0 Dodging
 + Level 0.6 Stealth
 + Level 6.1 Shields


You had 8 spell levels left.
You didn't know any spells.
Your spell library contained the following spells:

 Spells                   Type           Power      Damage    Failure   Level
 Blink                    Tloc           0%         N/A       100%        2
 Manifold Assault         Tloc           0%         N/A       100%        5
 Storm Form               Tmut/Air       0%         N/A       100%        7


Dungeon Overview and Level Annotations

Branches:
Dungeon (8/15)             Temple (0/1) D:4
   Lair: D:8-11

Altars:
Elyvilon
Kikubaaqudgha
Sif Muna
Yredelemnul
The Shining One


Innate Abilities, Weirdness & Mutations

You have a pair of horns on your head.
You reflexively headbutt those who attack you in melee.


Message History

A bullfrog comes into view.
You barely miss the bullfrog. The bullfrog hits you.
The bullfrog barely misses you. You furiously retaliate!
You headbutt the bullfrog! You block the bullfrog's attack.
The bullfrog hits you but does no damage. x2
The bullfrog hits you.
The bullfrog hits you but does no damage. x2
You barely miss the bullfrog.
The bullfrog is heavily wounded.
The bullfrog hits you but does no damage.
You slash the bullfrog!
You kill the bullfrog!
Found a stone staircase leading down.
A black bear comes into view.
The black bear growls angrily.
A two-headed ogre comes into view. It is wielding two +0 giant clubs.
The two-headed ogre shouts in stereo!
You block the black bear's attack. x2; The black bear barely misses you.
The black bear bites you but does no damage.
You block the black bear's attack.
The black bear claws you but does no damage.
The two-headed ogre hits you with a +0 giant club!!
The two-headed ogre hits you but does no damage.
You barely miss the black bear. You headbutt the black bear!
The black bear is moderately wounded.
You slash the two-headed ogre! You block the black bear's attack.
The black bear claws you but does no damage.
The black bear barely misses you.
You slash the black bear!
The black bear is severely wounded.
You hit the two-headed ogre but do no damage.
The two-headed ogre hits you with a +0 giant club!!
The two-headed ogre hits you with a +0 giant club!
The black bear goes berserk!
You slash the black bear!
You kill the black bear!
You hit the two-headed ogre.
The two-headed ogre hits you with a +0 giant club!!
You die...

.....# .....# ### ... ..
.....# ##..##..##...
.....# ##........#...
.....# ##.............
.....# #............
...### #.. #.....>..#
.### ##.###.....O..##..
..## ##..##.....@.......
#..###....#..........###
##..##.....#........#...
##..#.....##..##..## #
##.#.............#
##..)........####
##.........##
#........## #........#


You could see a two-headed ogre.

Vanquished Creatures
  An acid dragon (D:8)
  A water moccasin (D:7)
  4 ice beasts
  2 black bears
  5 ogres
  5 centaurs
  A phantom (D:4)
  A kobold brigand (D:7)
  4 bullfrogs
  4 necrophages
  A scorpion (D:6)
  9 wights
  A crimson imp (D:3)
  A jelly (D:6)
  An orc priest (D:4)
  5 hounds
  A gnoll bouda (D:6)
  An iguana (D:3)
  6 adders
  12 gnolls
  A shadow imp (D:5)
  3 white imps (D:6)
  An ufetubus (D:5)
  4 worms
  A dart slug (D:1)
  4 orcs
  9 endoplasms
  8 giant cockroaches
  11 goblins
  7 hobgoblins
  13 kobolds
  3 quokkas
  9 ball pythons
  4 bats
  5 frilled lizards
  A goblin skeleton (D:3)
  A goblin zombie (D:3)
  A hobgoblin zombie (D:3)
  3 kobold skeletons (D:3)
  2 orc zombies (D:3)
  3 rats
160 creatures vanquished.

Notes
Turn   | Place    | Note
-------+----------+-------------------------------------------
     0 | D:1      | fireball365 the Minotaur Fighter began the quest for the
                  | Orb.
     0 | D:1      | Reached XP level 1. HP: 19/19 MP: 0/0
   568 | D:1      | Reached XP level 2. HP: 27/27 MP: 1/1
  1039 | D:1      | Found an ancient bone altar of Kikubaaqudgha.
  1228 | D:2      | Reached XP level 3. HP: 16/33 MP: 2/2
  1231 | D:2      | Reached skill level 3 in Axes
  1752 | D:2      | Reached XP level 4. HP: 40/40 MP: 3/3
  2776 | D:3      | Found a glowing golden altar of the Shining One.
  2787 | D:3      | Reached XP level 5. HP: 46/46 MP: 4/4
  2798 | D:3      | Became a worshipper of the Shining One
  2863 | D:3      | Reached skill level 4 in Axes
  3258 | D:3      | Reached skill level 1 in Dodging
  3266 | D:3      | Reached skill level 5 in Armour
  3630 | D:4      | Noticed a phantom
  3643 | D:4      | Killed a phantom
  3644 | D:4      | Reached XP level 6. HP: 44/53 MP: 5/5
  3646 | D:4      | Reached skill level 5 in Shields
  3752 | D:4      | Reached skill level 5 in Axes
  3813 | D:4      | Found a staircase to the Ecumenical Temple.
  3823 | D:4      | Reached * piety under the Shining One
  4641 | D:5      | Entered Level 5 of the Dungeon
  4759 | D:5      | Found a shimmering blue altar of Sif Muna.
  4936 | D:5      | Reached skill level 5 in Fighting
  4936 | D:5      | Reached XP level 7. HP: 40/61 MP: 6/6
  4969 | D:5      | Reached skill level 6 in Axes
  5331 | D:5      | Found a white marble altar of Elyvilon.
  5861 | D:6      | Reached skill level 7 in Axes
  5961 | D:6      | Reached XP level 8. HP: 48/70 MP: 7/7
  6319 | D:6      | Reached skill level 8 in Axes
  6663 | D:6      | Reached ** piety under the Shining One
  7015 | D:6      | Reached skill level 9 in Axes
  7408 | D:6      | Reached XP level 9. HP: 75/78 MP: 8/8
  7541 | D:7      | Found a basalt altar of Yredelemnul.
  8029 | D:7      | Reached skill level 10 in Axes
  9233 | D:8      | Reached skill level 11 in Axes
  9479 | D:8      | Reached *** piety under the Shining One
  9718 | D:8      | Noticed a two-headed ogre
  9725 | D:8      | Slain by a two-headed ogre

Illustrated notes

Levels and vault maps discovered:
D:1:      dpeg_arrival_water_altar, layout_loops_ring
D:2:      layout_basic
D:3:      layout_rooms, nicolae_tso_besieged_by_evil
D:4:      layout_cave_pools, minmay_temple_entry_proselytizer,
          nicolae_hexahallways, nzn_random_ring
D:5:      layout_loops_corners, mainiacjoe_overflow_surrounded_room,
          mainiacjoe_overflow_alcove_1
D:6:      layout_gridville
D:7:      layout_layer_cave, lemuel_crystal_altar
D:8:      layout_cave_pods, st_stairs_5, minmay_holes

Skill      XL: |  1  2  3  4  5  6  7  8  9 |
---------------+----------------------------+-----
Armour         | 4 5 6 8 9 |  9.4
Shields        | 4 5 6 |  6.1
Axes           | 3 4 5 7 9 11 | 11.3
Fighting       | 4 5 6 7 |  7.1
Dodging        | 1 2 |  2.0
Stealth        | |  0.6

Action                   |  1- 3 |  4- 6 |  7- 9 || total
-------------------------+-------+-------+-------++-------
Melee: War axe           |    56 |   123 |   168 ||   347
       Headbutt          |     6 |    24 |    52 ||    82
  Use: Scroll            |       |     4 |     2 ||     6
       Potion            |       |     4 |       ||     4
Armor: Scale mail        |    29 |    66 |       ||    95
       Chain mail        |       |    25 |    15 ||    40
       Plate armour      |       |       |   119 ||   119
Dodge: Dodged            |    30 |    75 |    71 ||   176
Block: Buckler           |    16 |    49 |    69 ||   134
